| TOP OF THE 1ST |
|
Reno Aces batting - Pitching for Colorado Springs Sky Sox : LHP Steve Ransom
|
|
Pitching: LHP Steve Ransom
|
|
|
Batting: RHB Danny Gerardo
|
0-0: Ball 1-0: Foul Ball, location: 2F 1-1: Swinging Strike 1-2: SINGLE (Groundball, 3D, EV 105.6 MPH)
|
|
Batting: RHB Dustin Clark
|
0-0: Ball 1-0: Ball 2-0: Ball 3-0: Called Strike 3-1: Called Strike Danny Gerardo steals 2nd, throwing error, E2 Danny Gerardo to third 3-2: Base on Balls
|
|
Batting: LHB Ian Jarvis
|
0-0: Called Strike 0-1: Fly out, F4 (Line Drive, 4, EV 72.5 MPH)
|
|
Batting: SHB Gerardo Flores
|
0-0: Ball 1-0: Called Strike 1-1: Foul Ball, location: 2F 1-2: Foul Ball, location: 2F 1-2: Ball 2-2: Strikes out swinging
|
|
Batting: RHB Edgar Garcia
|
0-0: Ball 1-0: Fielders Choice at 2nd, 6-4 (Groundball, 6, EV 103.8 MPH)
|
| Top of the 1st over - 0 runs, 1 hit, 1 error, 2 left on base; Reno 0 - Colorado Springs 0 |
| BOTTOM OF THE 1ST |
|
Colorado Springs Sky Sox batting - Pitching for Reno Aces : RHP Chad Pfeiffer
|
|
Pitching: RHP Chad Pfeiffer
|
|
|
Batting: LHB Steve Gilliam
|
0-0: Ball 1-0: Called Strike 1-1: Ground out 3-1 (Groundball, 34, EV 85.6 MPH)
|
|
Batting: LHB Greg Valenzuela
|
0-0: Called Strike 0-1: Ball 1-1: SINGLE (Line Drive, 8RS, EV 103.8 MPH)
|
|
Batting: RHB Maurice Moore
|
0-0: Called Strike 0-1: Called Strike Greg Valenzuela steals 2nd base 0-2: DOUBLE (Flyball, 8RXD, EV 98.1 MPH) Greg Valenzuela scores
|
|
Batting: LHB Michael Krott
|
0-0: Ball 1-0: Called Strike 1-1: Swinging Strike 1-2: Strikes out swinging
|
|
Batting: LHB Luke Coulter
|
0-0: Foul Ball, location: 2F 0-1: Swinging Strike 0-2: Strikes out looking
|
| Bottom of the 1st over - 1 run, 2 hits, 0 errors, 1 left on base; Reno 0 - Colorado Springs 1 |
| TOP OF THE 2ND |
|
Reno Aces batting - Pitching for Colorado Springs Sky Sox : LHP Steve Ransom
|
|
Batting: LHB Steve Reinhart
|
0-0: Ball 1-0: Ball 2-0: Foul Ball, location: 2F 2-1: Swinging Strike 2-2: Foul Ball, location: 2F 2-2: SINGLE (Groundball, 25, EV 69.4 MPH) (infield hit)
|
|
Batting: RHB Jonathan Lugo
|
0-0: DOUBLE (Line Drive, 9LM, EV 105.6 MPH) Steve Reinhart to third
|
|
Batting: RHB Dan Boylan
|
0-0: Swinging Strike 0-1: Foul Ball, location: 2F 0-2: Fly out, F9 (Line Drive, 9S, EV 102.5 MPH)
|
|
Batting: SHB Carlos Rodriguez
|
0-0: Called Strike 0-1: Ball 1-1: Ground out 6-3 (Groundball, 6, EV 90.0 MPH) Steve Reinhart scores Jonathan Lugo to third
|
|
Batting: RHB Danny Gerardo
|
0-0: Ball 1-0: Ball 2-0: Called Strike 2-1: Ball 3-1: Foul Ball, location: 2F 3-2: Foul Ball, location: 2F 3-2: Ground out 5-3 (Groundball, 56S, EV 90.6 MPH)
|
| Top of the 2nd over - 1 run, 2 hits, 0 errors, 1 left on base; Reno 1 - Colorado Springs 1 |
| BOTTOM OF THE 2ND |
|
Colorado Springs Sky Sox batting - Pitching for Reno Aces : RHP Chad Pfeiffer
|
|
Batting: RHB John Boyer
|
0-0: Ball 1-0: Ball 2-0: Called Strike 2-1: DOUBLE (Line Drive, 78M, EV 100.6 MPH)
|
|
Batting: RHB Eduardo Camacho
|
0-0: Hit by Pitch
|
|
Batting: SHB Jamie Mims
|
0-0: Called Strike 0-1: Swinging Strike 0-2: Ball 1-2: Foul Ball, location: 2F 1-2: Strikes out looking
|
|
Batting: RHB John Stevenson
|
0-0: Fly out, F8 (Flyball, 8RXD, EV 89.4 MPH) Runner from 2nd tags up, SAFE at 3rd, no throw by CF
|
|
Batting: LHB Steve Gilliam
|
0-0: Swinging Strike 0-1: SINGLE (Flyball, 8RS, EV 93.1 MPH) John Boyer scores Eduardo Camacho to second
|
|
Batting: LHB Greg Valenzuela
|
0-0: SINGLE (Line Drive, 78M, EV 109.4 MPH) Eduardo Camacho to third Steve Gilliam to second Runner from 3rd tries for Home, SAFE, throw by LF to home
|
|
Batting: RHB Maurice Moore
|
0-0: Ball 1-0: Ball 2-0: Ball 3-0: Called Strike 3-1: SINGLE (Groundball, 4MD, EV 101.2 MPH) Steve Gilliam to third Greg Valenzuela to second
|
|
Batting: LHB Michael Krott
|
0-0: Called Strike 0-1: Fly out, F8 (Flyball, 8RD, EV 94.4 MPH)
|
| Bottom of the 2nd over - 2 runs, 4 hits, 0 errors, 3 left on base; Reno 1 - Colorado Springs 3 |
| TOP OF THE 3RD |
|
Reno Aces batting - Pitching for Colorado Springs Sky Sox : LHP Steve Ransom
|
|
Batting: RHB Dustin Clark
|
0-0: Ball 1-0: Called Strike 1-1: Called Strike 1-2: Ball 2-2: Ball 3-2: Strikes out swinging
|
|
Batting: LHB Ian Jarvis
|
0-0: Called Strike 0-1: Ball 1-1: Ball 2-1: Foul Ball, location: 2F 2-2: Ball 3-2: Base on Balls
|
|
Batting: SHB Gerardo Flores
|
0-0: Grounds into double play, 6-4-3 (Groundball, 6M, EV 104.4 MPH)
|
| Top of the 3rd over - 0 runs, 0 hits, 0 errors, 0 left on base; Reno 1 - Colorado Springs 3 |
| BOTTOM OF THE 3RD |
|
Colorado Springs Sky Sox batting - Pitching for Reno Aces : RHP Chad Pfeiffer
|
|
Batting: LHB Luke Coulter
|
0-0: Ball 1-0: SINGLE (Line Drive, 8RS, EV 90.6 MPH)
|
|
Batting: RHB John Boyer
|
0-0: Ball 1-0: Foul Ball, location: 2F 1-1: Ball 2-1: Fielders Choice at 2nd, 5-4 (Groundball, 5, EV 99.4 MPH)
|
|
Batting: RHB Eduardo Camacho
|
0-0: Ball Pickoff Throw to First - Out! 1-3 CS 1-0: Foul Ball, location: 2F 1-1: Swinging Strike 1-2: Ball 2-2: Strikes out swinging
|
| Bottom of the 3rd over - 0 runs, 1 hit, 0 errors, 0 left on base; Reno 1 - Colorado Springs 3 |
| TOP OF THE 4TH |
|
Reno Aces batting - Pitching for Colorado Springs Sky Sox : LHP Steve Ransom
|
|
Batting: RHB Edgar Garcia
|
0-0: Called Strike 0-1: SINGLE (Groundball, 4M, EV 96.9 MPH) (infield hit)
|
|
Batting: LHB Steve Reinhart
|
0-0: Ball 1-0: Ball 2-0: Swinging Strike 2-1: Fielders Choice at 2nd, 2-4 (Groundball, 2L, EV 73.8 MPH)
|
|
Batting: RHB Jonathan Lugo
|
0-0: Ball 1-0: Called Strike 1-1: Fielders Choice at 2nd, 4-6 (Groundball, 4, EV 99.4 MPH)
|
|
Batting: RHB Dan Boylan
|
0-0: Called Strike 0-1: SINGLE (Line Drive, 7S, EV 100.0 MPH) Jonathan Lugo to second Runner from 2nd tries for 3rd, OUT! 7-5
|
| Top of the 4th over - 0 runs, 2 hits, 0 errors, 1 left on base; Reno 1 - Colorado Springs 3 |
| BOTTOM OF THE 4TH |
|
Colorado Springs Sky Sox batting - Pitching for Reno Aces : RHP Chad Pfeiffer
|
|
Batting: SHB Jamie Mims
|
0-0: Ball 1-0: Called Strike 1-1: Ball 2-1: SINGLE (Groundball, 4MD, EV 103.1 MPH)
|
|
Batting: RHB John Stevenson
|
0-0: Ball 1-0: Ball 2-0: Ball 3-0: Called Strike 3-1: Fly out, F9 (Flyball, 89S, EV 82.5 MPH)
|
|
Batting: LHB Steve Gilliam
|
0-0: Ball 1-0: Called Strike 1-1: Ball 2-1: Grounds into double play, 6-4-3 (Groundball, 6, EV 97.5 MPH)
|
| Bottom of the 4th over - 0 runs, 1 hit, 0 errors, 0 left on base; Reno 1 - Colorado Springs 3 |
| TOP OF THE 5TH |
|
Reno Aces batting - Pitching for Colorado Springs Sky Sox : LHP Steve Ransom
|
|
Batting: SHB Carlos Rodriguez
|
0-0: Foul Ball, location: 2F 0-1: Ball 1-1: Ball 2-1: Ball 3-1: Base on Balls
|
|
Batting: RHB Danny Gerardo
|
0-0: Grounds into double play, 6-4-3 (Groundball, 56, EV 85.0 MPH)
|
|
Batting: RHB Dustin Clark
|
0-0: Foul Ball, location: 2F 0-1: Ball 1-1: Ball 2-1: Fly out, F9 (Flyball, 9, EV 86.9 MPH)
|
| Top of the 5th over - 0 runs, 0 hits, 0 errors, 0 left on base; Reno 1 - Colorado Springs 3 |
| BOTTOM OF THE 5TH |
|
Colorado Springs Sky Sox batting - Pitching for Reno Aces : RHP Chad Pfeiffer
|
|
Batting: LHB Greg Valenzuela
|
0-0: Called Strike 0-1: Ball 1-1: Ball 2-1: Swinging Strike 2-2: Foul Ball, location: 2F 2-2: Foul Ball, location: 2F 2-2: Ground out 5-3 (Groundball, 56, EV 80.0 MPH)
|
|
Batting: RHB Maurice Moore
|
0-0: Swinging Strike 0-1: Ball 1-1: Ball 2-1: SINGLE (Groundball, 13S, EV 75.6 MPH) (infield hit)
|
|
Batting: LHB Michael Krott
|
0-0: Ball 1-0: Called Strike 1-1: Ball 2-1: SINGLE (Groundball, 34D, EV 95.0 MPH) Maurice Moore to second Runner from 2nd tries for 3rd, SAFE, throw by RF made to third
|
|
Batting: LHB Luke Coulter
|
0-0: Swinging Strike 0-1: Foul Ball, location: 2F 0-2: Ball 1-2: Fly out, F9 (Flyball, 9D, EV 96.2 MPH) Runner from 3rd tags up, SCORES, no throw by RF
|
|
Batting: RHB John Boyer
|
0-0: Called Strike 0-1: Foul Ball, location: 2F 0-2: Ball 1-2: Ground out 4-3 (Groundball, 4, EV 108.1 MPH)
|
| Bottom of the 5th over - 1 run, 2 hits, 0 errors, 1 left on base; Reno 1 - Colorado Springs 4 |
| TOP OF THE 6TH |
|
Reno Aces batting - Pitching for Colorado Springs Sky Sox : LHP Steve Ransom
|
|
Batting: LHB Ian Jarvis
|
0-0: Ball 1-0: Ball 2-0: Ball 3-0: Called Strike 3-1: Swinging Strike 3-2: Foul Ball, location: 2F 3-2: Base on Balls
|
|
Batting: SHB Gerardo Flores
|
0-0: Ball 1-0: Foul Ball, location: 2F 1-1: Ball 2-1: Ball 3-1: DOUBLE (Line Drive, 9LM, EV 105.6 MPH) Ian Jarvis to third
|
|
Batting: RHB Edgar Garcia
|
0-0: Swinging Strike 0-1: Ball 1-1: Called Strike 1-2: Strikes out swinging
|
|
Batting: LHB Steve Reinhart
|
0-0: DOUBLE (Flyball, 89D, EV 105.6 MPH) Ian Jarvis scores Gerardo Flores scores
|
|
Batting: RHB Jonathan Lugo
|
0-0: Swinging Strike 0-1: Ball 1-1: 2-RUN HOME RUN (Flyball, 78XD, EV 96.9 MPH), Distance : 399 ft
|
|
Pitching: RHP Vas Karamyshev
|
|
|
Batting: RHB Dan Boylan
|
0-0: Ball 1-0: Foul Ball, location: 2F 1-1: Ball 2-1: Foul Ball, location: 2F 2-2: Ball 3-2: Strikes out swinging
|
|
Batting: SHB Carlos Rodriguez
|
0-0: Ball 1-0: Ball 2-0: Ball 3-0: Called Strike 3-1: Foul Ball, location: 2F 3-2: Fly out, F7 (Flyball, 78S, EV 88.1 MPH)
|
| Top of the 6th over - 4 runs, 3 hits, 0 errors, 0 left on base; Reno 5 - Colorado Springs 4 |
| BOTTOM OF THE 6TH |
|
Colorado Springs Sky Sox batting - Pitching for Reno Aces : RHP Chad Pfeiffer
|
|
Batting: RHB Eduardo Camacho
|
0-0: Ball 1-0: Ball 2-0: Ground out 6-3 (Groundball, 56, EV 77.5 MPH)
|
|
Batting: SHB Jamie Mims
|
0-0: Called Strike 0-1: Foul Ball, location: 2F 0-2: Foul Ball, location: 2F 0-2: Ball 1-2: Foul Ball, location: 2F 1-2: Foul Ball, location: 2F 1-2: Ground out U3 (Groundball, 13, EV 91.9 MPH)
|
|
Pitching: RHP Jose Fernandez
|
|
|
Batting: RHB John Stevenson
|
0-0: Called Strike 0-1: Foul Ball, location: 2F 0-2: Ball 1-2: Foul Ball, location: 2F 1-2: Reached on error, E5 (Groundball, 56, EV 108.8 MPH)
|
|
Batting: LHB Steve Gilliam
|
0-0: Ball 1-0: Ball 2-0: Ball 3-0: Base on Balls
|
|
Batting: LHB Greg Valenzuela
|
0-0: Called Strike 0-1: Called Strike 0-2: Strikes out swinging
|
| Bottom of the 6th over - 0 runs, 0 hits, 1 error, 2 left on base; Reno 5 - Colorado Springs 4 |
| TOP OF THE 7TH |
|
Reno Aces batting - Pitching for Colorado Springs Sky Sox : RHP Vas Karamyshev
|
|
Pitching: RHP Victor Castillo
|
|
|
Batting: RHB Danny Gerardo
|
0-0: Ball 1-0: Fly out, F4 (Line Drive, 4, EV 64.4 MPH)
|
|
Batting: RHB Dustin Clark
|
0-0: Called Strike 0-1: Swinging Strike 0-2: Ground out 1-3 (Groundball, 13S, EV 68.8 MPH)
|
|
Batting: LHB Ian Jarvis
|
0-0: Ball 1-0: Called Strike 1-1: Swinging Strike 1-2: Ball 2-2: Ball 3-2: Base on Balls
|
|
Batting: SHB Gerardo Flores
|
0-0: Foul Ball, location: 2F 0-1: Called Strike 0-2: Foul Ball, location: 2F 0-2: SINGLE (Groundball, 34D, EV 108.8 MPH) Ian Jarvis to second Runner from 2nd tries for 3rd, SAFE, throw by RF made to third
|
|
Batting: RHB Edgar Garcia
|
0-0: Called Strike 0-1: Foul Ball, location: 2F 0-2: Ball 1-2: Strikes out swinging
|
| Top of the 7th over - 0 runs, 1 hit, 0 errors, 2 left on base; Reno 5 - Colorado Springs 4 |
| BOTTOM OF THE 7TH |
|
Colorado Springs Sky Sox batting - Pitching for Reno Aces : RHP Jose Fernandez
|
|
Batting: RHB Maurice Moore
|
0-0: Ball 1-0: Called Strike 1-1: Foul Ball, location: 2F 1-2: Strikes out swinging
|
|
Batting: LHB Michael Krott
|
0-0: Called Strike 0-1: Fly out, F9 (Flyball, 89M, EV 83.8 MPH)
|
|
Batting: LHB Luke Coulter
|
0-0: Ball 1-0: Foul Ball, location: 2F 1-1: Ball 2-1: Foul Ball, location: 2F 2-2: Strikes out swinging
|
| Bottom of the 7th over - 0 runs, 0 hits, 0 errors, 0 left on base; Reno 5 - Colorado Springs 4 |
| TOP OF THE 8TH |
|
Reno Aces batting - Pitching for Colorado Springs Sky Sox : RHP Victor Castillo
|
|
Batting: LHB Steve Reinhart
|
0-0: Called Strike 0-1: Ball 1-1: SINGLE (Groundball, 4MD, EV 100.6 MPH)
|
|
Batting: RHB Jonathan Lugo
|
0-0: Bunt missed! 0-1: Sac Bunt to 23 - play at first, batter OUT! 3-4 Steve Reinhart to second
|
|
Batting: RHB Dan Boylan
|
0-0: Foul Ball, location: 2F 0-1: Swinging Strike 0-2: Strikes out swinging
|
|
Batting: SHB Carlos Rodriguez
|
0-0: Foul Ball, location: 2F 0-1: Swinging Strike 0-2: Strikes out looking
|
| Top of the 8th over - 0 runs, 1 hit, 0 errors, 1 left on base; Reno 5 - Colorado Springs 4 |
| BOTTOM OF THE 8TH |
|
Colorado Springs Sky Sox batting - Pitching for Reno Aces : RHP Jose Fernandez
|
|
Pitching: LHP Afanasy Apatenko
|
|
|
Batting: RHB John Boyer
|
0-0: Called Strike 0-1: Ball 1-1: Ball 2-1: Ball 3-1: Reached on error, E6 (Groundball, 6, EV 79.4 MPH)
|
|
Batting: RHB Eduardo Camacho
|
0-0: Bunted foul 0-1: Ball 1-1: Bunt missed! 1-2: Ball 2-2: Foul Ball, location: 2F 2-2: Ball 3-2: Base on Balls John Boyer to second
|
|
Pinch Runner at 2nd Juan Figueroa:
|
|
|
Batting: SHB Jamie Mims
|
0-0: Bunted foul 0-1: Ball 1-1: Ball 2-1: Bunted foul 2-2: Strikes out looking
|
|
Batting: RHB John Stevenson
|
0-0: Ball 1-0: Called Strike 1-1: Ball 2-1: Foul Ball, location: 2F 2-2: Ball 3-2: Base on Balls Juan Figueroa to third Eduardo Camacho to second
|
|
Pinch Hitting: RHB Mike McElroy
|
0-0: Ball 1-0: Foul Ball, location: 2F 1-1: Ball 2-1: Foul Ball, location: 2F 2-2: Foul Ball, location: 2F 2-2: Foul Ball, location: 2F 2-2: Foul Ball, location: 2F 2-2: SINGLE (Groundball, 4MD, EV 106.2 MPH) Juan Figueroa scores Eduardo Camacho to third John Stevenson to second Runner from 3rd tries for Home, SAFE, throw by CF to home
|
|
Batting: LHB Greg Valenzuela
|
0-0: Ball 1-0: Foul Ball, location: 2F 1-1: Grounds into double play, 4-6-3 (Groundball, 4, EV 86.2 MPH)
|
| Bottom of the 8th over - 2 runs, 1 hit, 1 error, 1 left on base; Reno 5 - Colorado Springs 6 |
| TOP OF THE 9TH |
|
Reno Aces batting - Pitching for Colorado Springs Sky Sox : RHP Victor Castillo
|
|
Pitching: RHP Jim Butler
|
|
|
Now at 1B: Iehohs Inatho
|
|
|
Now at 3B: Mike McElroy
|
|
|
Batting: RHB Danny Gerardo
|
0-0: Called Strike 0-1: Ball 1-1: Ball 2-1: Ball 3-1: Foul Ball, location: 2F 3-2: Base on Balls
|
|
Batting: RHB Dustin Clark
|
0-0: Bunted foul 0-1: Ball 1-1: Bunted foul 1-2: Ball 2-2: Strikes out swinging
|
|
Batting: LHB Ian Jarvis
|
0-0: Fly out, F9 (Flyball, 89D, EV 103.1 MPH)
|
|
Batting: SHB Gerardo Flores
|
0-0: Ball 1-0: Called Strike 1-1: SINGLE (Groundball, 4D, EV 105.6 MPH) Danny Gerardo to second Runner from 2nd tries for 3rd, SAFE, throw by RF made to third
|
|
Pinch Hitting: LHB Kevin Ferguson
|
0-0: Called Strike 0-1: Ball 1-1: Foul Ball, location: 2F 1-2: Strikes out swinging
|
| Top of the 9th over - 0 runs, 1 hit, 0 errors, 2 left on base; Reno 5 - Colorado Springs 6 |
|